 Dungeon Crawl Stone Soup version 0.31-a0-1008-g5b978dac0e (webtiles) character file.

Game seed: 14482411514536525517

136 BinkBink the Covered (level 4, -6/41 HPs)
             Began as a Minotaur Fighter on Nov 13, 2023.
             Mangled by Edmund
             ... wielding a +3 flail of protection
              (12 damage)
             ... on level 4 of the Dungeon.
             The game lasted 00:02:37 (2367 turns).

BinkBink the Covered (Minotaur Fighter)             Turns: 2367, Time: 00:02:38

Health: -6/41      AC: 13    Str: 22    XL:     4   Next: 98%
Magic:  3/3        EV:  6    Int:  5    God:
Gold:   222        SH:  4    Dex: 10    Spells: 3/3 levels left

rFire   . . .        a - +0 war axe
rCold   . . .        c - +0 buckler
rNeg    . . .        o - +0 plate armour
rPois   .            (helmet restricted)
rElec   .            (no cloak)
rCorr   .            k - +0 pair of gloves
SInv    .            (no boots)
Will    .....        (no amulet) Stlth
                     (no ring)
HPRegen 0.26/turn    (no ring)
MPRegen 0.08/turn

%: no passive effects
@: mighty, slowed, very slow
A: horns 2, retaliatory headbutt
a: no special abilities


You were on level 4 of the Dungeon.
You visited 1 branch of the dungeon, and saw 4 of its levels.

You collected 222 gold pieces.

Inventory:

Hand Weapons
 a - a +0 war axe (weapon)
Armour
 b - a +0 scale mail
 c - a +0 buckler (worn)
 k - a +0 pair of gloves (worn)
 o - a +0 plate armour (worn)
Jewellery
 s - a ring of wizardry
 u - an amulet of the acrobat
Scrolls
 g - a scroll of brand weapon {unknown}
 h - 4 scrolls of identify {unknown}
 i - a scroll of vulnerability {unknown}
 l - a scroll of enchant weapon {unknown}
 n - a scroll of acquirement {unknown}
 r - a scroll of teleportation {unknown}
 t - a scroll of poison {unknown}
Potions
 e - a potion of ambrosia {unknown}
 f - 3 potions of enlightenment {unknown}
 j - a potion of curing {unknown}
 m - 3 potions of lignification {unknown}
 p - a potion of degeneration {unknown}
 q - a potion of heal wounds {unknown}


   Skills:
 + Level 4.6 Fighting
 + Level 3.8 Axes
 + Level 4.7 Armour
 + Level 4.6 Shields


You had 3 spell levels left.
You didn't know any spells.
Your spell library contained the following spells:

 Spells                   Type           Power      Damage    Failure   Level
 Shock                    Conj/Air       0%         1d3       100%        1
 Sting                    Tmut/Pois      0%         1d3       100%        1
 Cigotuvi's Dreadful Rot  Necr/Pois/Air  0%         N/A       100%        2
 Poisonous Vapours        Pois/Air       0%         N/A       100%        2
 Ignite Poison            Fire/Tmut/Pois 0%         N/A       100%        3
 Dispel Undead            Necr           0%         3d6       100%        4
 Iskenderun's Mystic Bla  Conj/Tloc      0%         2d3       100%        4
 Olgreb's Toxic Radiance  Pois           0%         N/A       100%        4
 Sticky Flame             Conj/Fire      0%         2d3       100%        4
 Conjure Ball Lightning   Conj/Air       0%         3x3d6     100%        6
 Death Channel            Necr           0%         N/A       100%        6
 Ignition                 Fire           0%         3d3       100%        8


Dungeon Overview and Level Annotations

Branches:
Dungeon (4/15)
 Temple: D:4-7

Altars:

Annotations:
D:4 Edmund, Natasha


Innate Abilities, Weirdness & Mutations

You have a pair of horns on your head.
You reflexively headbutt those who attack you in melee.


Message History

You closely miss Natasha.
Edmund hits you with a +3 flail of protection.
Natasha claws you.
Edmund hits you with a +3 flail of protection.
The cerulean imp hits you from afar with a +1 spear.
You hit Edmund.
Edmund is moderately wounded.
You closely miss Natasha.
Natasha stares at you and mumbles some strange words.
You resist with some effort. Edmund barely misses you.
The cerulean imp barely misses you.
You closely miss Edmund.
Edmund is moderately wounded.
You closely miss Natasha.
Natasha mumbles some strange words.
Natasha shimmers violently.
Natasha stares at you and mumbles some strange words.
You feel yourself slow down.
Edmund hits you with a +3 flail of protection!
The cerulean imp hits you from afar with a +1 spear.
* * * LOW HITPOINT WARNING * * *
You block Natasha's attack.
You slash Edmund!
Edmund is heavily wounded.
You closely miss Natasha.
Edmund hits you with a +3 flail of protection.
* * * LOW HITPOINT WARNING * * *
The cerulean imp hits you but does no damage.
Natasha barely misses you. You block Edmund's attack.
The cerulean imp barely misses you.
Natasha stares at you and mumbles some strange words.
The magic dart hits you.
* * * LOW HITPOINT WARNING * * *
You hit Edmund but do no damage. You headbutt Edmund!
Edmund is almost dead.
You barely miss Natasha. You block Edmund's attack.
You block the cerulean imp's attack. Natasha barely misses you.
Edmund hits you with a +3 flail of protection!
You die...
Edmund whines, "They better pay attention to me now!"

..# ..# ### ..# ..#
#.. ..# ..# #.# ..#
#.# #.# ..# #.# #.#
..# #.# #.#
.$#########.###h#####
.!............5@@..^#
###########.#########
..... ....#### ####
......######## #...
.(...........# ####
#####........# #...
#.....[..### ####
#..........#
#######..


You could see Edmund, Natasha and a cerulean imp (summoned).

Vanquished Creatures
  An orc wizard (D:4)
  4 adders
  2 worms (D:3)
  4 dart slugs
  2 orcs (D:4)
  4 endoplasms
  6 giant cockroaches
  2 hobgoblins
  4 jackals (D:2)
  3 quokkas
  6 ball pythons
  7 bats
  3 frilled lizards
  5 goblins
  4 kobolds
  3 rats
60 creatures vanquished.

Notes
Turn   | Place    | Note
-------+----------+-------------------------------------------
     0 | D:1      | BinkBink the Minotaur Fighter began the quest for the Orb.
     0 | D:1      | Reached XP level 1. HP: 19/19 MP: 0/0
   118 | D:1      | Found Xeusic's Antique Weapon Emporium.
   492 | D:1      | Found a faded altar of an unknown god.
   522 | D:2      | Reached XP level 2. HP: 27/27 MP: 1/1
   574 | D:2      | You fall into a shaft and drop 1 floor!
   696 | D:2      | Identified the +1 robe of an ice cave {Rampage Will++ Int-5
                  | Slay+3}
   765 | D:2      | Reached XP level 3. HP: 32/33 MP: 2/2
  1172 | D:2      | Reached XP level 4. HP: 40/40 MP: 3/3
  1935 | D:4      | Identified the "Agrosch"
  2325 | D:4      | Noticed Edmund
  2325 | D:4      | Noticed Natasha
  2367 | D:4      | Mangled by Edmund

Illustrated notes

Levels and vault maps discovered:
D:1:      ncdulo_wetmaze, layout_basic,
          dreamdust_ecumenical_altar_angels_and_demons, serial_shops,
          nicolae_shop_overgrown_old_shop
D:2:      minmay_recursive_quarters, layout_loops_cross
D:3:      layout_loops_ring
D:4:      layout_basic, ebering_ghost_disaster_area, uniq_edmund, uniq_natasha

Skill      XL: |  1  2 |
---------------+-------+-----
Shields        | 4 |  4.6
Fighting       | 4 |  4.6
Axes           | 3 |  3.8
Armour         | 4 |  4.7

Action                     |  1- 3 |  4- 6 || total
---------------------------+-------+-------++-------
  Melee: War axe           |    70 |    48 ||   118
         Headbutt          |     8 |     7 ||    15
    Use: Potion            |       |     1 ||     1
 Armour: Scale mail        |    70 |     6 ||    76
         Plate armour      |       |    62 ||    62
  Dodge: Dodged            |    36 |    15 ||    51
  Block: Buckler           |    16 |     8 ||    24

Table legend: (Time is in decaauts)
 A = Elapsed time spent in this place.
 B = Non-inter-level travel time spent in this place.
 C = Inter-level travel time spent in this place.
 D = Time resting spent in this place.
 E = Time spent auto-exploring this place.
 F = Levels seen in this place.
 G = Mean time per level.
                   A        B        C        D        E       F      G
               +--------+--------+--------+--------+--------+-----+--------+
         Total |   2415 |   2341 |     74 |     42 |   1879 |   4 |  603.8 |
       Dungeon |   2415 |   2341 |     74 |     42 |   1879 |   4 |  603.8 |
               +--------+--------+--------+--------+--------+-----+--------+

Top non-repeatable levels by time:
     D:2: 788 daAuts
     D:3: 653 daAuts
     D:1: 532 daAuts
     D:4: 441 daAuts
